Map: Oxide LE

Players

IlIlIlIlIlIl

  • Race: Zerg Zerg
  • League: Diamond
  • Spawn Location: 7:00

Massa - Winner!

  • Race: Terran Terran
  • League: Platinum
  • Spawn Location: 1:00

VOD

Have the link to the VOD?

Description

Time

  • Played on: Nov. 28, 2020, 6:40 a.m.
  • Length: 33:40
Show
View Real Time Build Order
Export as new Build Order

IlIlIlIlIlIl Zerg 

Build Orders: Hatch First, Lurkers 

Get SALT Encoding   

  12  0:00  Drone  
  13  0:13  Overlord  
  13  0:17  Drone  
  14  0:31  Drone x2  
  16  0:38  Drone  
  17  0:51  Hatchery  
  16  0:58  Drone  
  16  0:59  Drone  
  18  1:09  Drone  
  19  1:15  Spawning Pool  
  19  1:16  Extractor  
  17  1:18  Drone  
  18  1:29  Drone  
  19  1:43  Drone  
  20  1:53  Drone  
  21  2:03  Queen  
  21  2:04  Queen  
  21  2:06  Zergling x4  
  27  2:12  Drone  
  28  2:58  Pneumatized Carapace  
  28  3:02  Overlord x2  
  28  3:03  Overlord  
  28  3:14  Metabolic Boost  
  28  3:16  Hatchery  
  27  3:20  Queen  
  27  3:22  Drone x3  
  27  3:24  Drone  
  27  3:26  Drone  
  35  4:02  Drone  
  35  4:03  Drone x5  
  35  4:07  Lair  
  35  4:08  Roach Warren  
  39  4:12  Drone x3  
  39  4:13  Extractor  
  41  4:17  Drone  
  41  4:18  Extractor  
  40  5:12  Drone x3  
  43  5:14  Queen  
  45  5:29  Overlord x5  
  45  5:46  Overseer  
  45  5:47  Glial Reconstitution  
  45  5:49  Drone x2  
  47  5:51  Drone x7  
  47  5:56  Hydralisk Den  
  53  6:01  Evolution Chamber  
  53  6:03  Evolution Chamber  
  51  6:06  Drone, Evolution Chamber  
  51  6:50  Extractor  
  51  6:51  Extractor  
  51  6:54  Zerg Missile Weapons Level 1, Zerg Melee Weapons Level 1, Zerg Ground Armor Level 1  
  49  6:55  Grooved Spines  
  49  7:00  Infestation Pit  
  48  7:02  Queen, Lurker Den  
  48  7:03  Queen  
  48  7:04  Hatchery  
  48  7:05  Drone x3  
  53  7:10  Extractor  
  53  7:11  Drone x3  
  55  7:26  Hatchery  
  54  7:33  Drone  
  54  7:34  Drone x5  
  61  7:37  Drone x2  
  62  7:54  Hydralisk  
  62  7:55  Hydralisk x5  
  74  8:02  Hive  
  74  8:03  Drone  
  74  8:06  Muscular Augments  
  74  8:40  Drone  
  74  8:41  Drone  
  76  8:42  Drone  
  76  8:43  Drone  
  76  8:44  Drone  
  76  8:45  Drone  
  76  8:46  Drone  
  76  8:47  Drone  
  82  8:49  Lurker  
  82  8:50  Lurker x5  
  82  8:51  Hydralisk x6  
  82  8:52  Hydralisk  
  102  9:03  Extractor, Overlord x2  
  102  9:05  Overlord  
  102  9:06  Overlord x5  
  96  9:45  Hydralisk x19  
  132  10:09  Seismic Spines  
  130  10:26  Overseer x6  
  130  10:31  Hydralisk x2  
  130  10:35  Overlord x3  
  134  10:39  Drone x3  
  134  10:41  Drone  
  134  10:42  Drone  
  137  10:43  Drone x3  
  137  10:44  Drone x2  
  142  10:59  Lurker  
  142  11:01  Lurker  
  142  11:02  Lurker  
  145  11:15  Drone x6  
  145  11:17  Extractor  
  150  11:23  Zerg Ground Armor Level 2, Zerg Melee Weapons Level 2, Zerg Missile Weapons Level 2  
  150  11:28  Drone  
  150  11:29  Overlord x5  
  151  11:46  Extractor  
  150  11:47  Drone  
  150  11:48  Drone x2, Extractor  
  150  11:49  Drone x2  
  150  11:50  Drone  
  150  11:51  Drone x2  
  157  11:54  Drone  
  157  11:56  Drone x2  
  160  12:16  Drone x8  
  168  12:27  Viper  
  168  12:28  Viper x5  
  186  13:23  Hatchery  
  185  13:30  Hatchery  
  184  14:06  Lurker  
  184  14:08  Lurker  
  186  14:10  Lurker  
  161  14:49  Hydralisk x10  
  161  14:50  Hydralisk x15  
  198  15:24  Overseer, Lurker  
  199  15:38  Drone  
  200  15:57  Hatchery  
  145  17:02  Hydralisk x7  
  145  17:03  Hydralisk x18  
  195  17:13  Hatchery  
  194  17:25  Hatchery  
  193  17:34  Lurker x4  
  197  17:38  Lurker  
  197  17:42  Lurker x2  
  197  18:24  Viper  
  200  18:35  Zerg Missile Weapons Level 3, Zerg Melee Weapons Level 3, Zerg Ground Armor Level 3  
  200  18:37  Adaptive Talons  
  182  20:41  Viper x2  
  182  20:42  Viper  
  130  22:25  Hydralisk  
  130  22:26  Hydralisk x23  
  143  22:51  Viper x2  
  143  22:53  Viper x2  
  110  23:29  Hydralisk  
  110  23:30  Hydralisk x20  
  134  24:05  Extractor  
  134  24:07  Drone x3, Extractor  
  134  24:09  Drone  
  136  24:10  Drone x2  
  137  24:27  Hydralisk x13  
  137  24:28  Hydralisk x4  
  137  24:30  Hatchery  
  137  24:50  Lurker  
  132  25:08  Lurker x2  
  132  25:19  Lurker  
  132  25:20  Lurker  
  135  25:21  Lurker  
  135  25:23  Hydralisk  
  135  25:24  Hydralisk x20  
  135  25:46  Hydralisk x14  
  155  25:59  Hydralisk  
  155  26:00  Hydralisk x6  
  155  26:02  Lurker  
  155  26:03  Lurker x5  
  171  26:12  Hydralisk x7  
  111  26:42  Hydralisk x18  
  132  27:19  Hydralisk  
  132  27:20  Hydralisk x17  
  114  27:57  Lurker x11  
  114  27:58  Hydralisk x10  
  117  27:59  Hydralisk x8  
  153  28:08  Hatchery  
  147  28:59  Hydralisk x12  
  147  29:00  Hydralisk x6  
  140  29:29  Lurker  
  141  29:43  Spore Crawler  
  87  30:41  Zergling x26  
  99  31:07  Lurker  
  99  31:10  Zergling x2  
  99  31:11  Zergling x18  
  110  31:17  Hatchery  
  54  31:41  Zergling x26  
  54  31:42  Zergling x4  
  65  32:01  Zergling x10  
  64  32:12  Zergling x2  
  64  32:13  Zergling x6  
  67  32:25  Zergling x16  
  35  32:50  Zergling x20  
  41  33:08  Zergling x2  
  41  33:09  Zergling x14  
Show
View Real Time Build Order
Export as new Build Order

Massa Terran - Winner!

Build Orders:  

Get SALT Encoding   

  12  0:00  SCV  
  13  0:12  SCV  
  14  0:20  Supply Depot  
  14  0:24  SCV  
  15  0:42  SCV  
  16  0:43  Barracks  
  16  0:46  Refinery  
  16  0:54  SCV  
  17  1:06  SCV  
  18  1:18  SCV  
  19  1:30  SCV, Reaper  
  21  1:39  Command Center  
  21  1:50  Orbital Command  
  21  2:02  Marine  
  22  2:08  Supply Depot  
  22  2:11  Factory  
  22  2:21  SCV  
  23  2:25  Barracks Reactor  
  23  2:33  SCV  
  23  2:52  Orbital Command  
  23  2:55  Factory Reactor  
  23  2:58  SCV  
  23  3:02  Refinery  
  23  3:05  Engineering Bay  
  24  3:09  Supply Depot  
  24  3:11  SCV, Barracks  
  25  3:13  Marine x2  
  27  3:20  SCV  
  27  3:23  SCV  
  29  3:31  Marine  
  29  3:32  Reaper, Hellion, SCV  
  34  3:35  SCV  
  34  3:36  Hellion  
  34  3:39  Terran Infantry Weapons Level 1  
  37  3:44  SCV  
  38  3:49  Marine  
  39  3:57  Starport  
  39  4:03  Marine  
  39  4:06  SCV x2  
  42  4:11  Missile Turret  
  42  4:13  Missile Turret  
  42  4:18  SCV  
  43  4:46  SCV x2  
  45  4:58  SCV x2, Marine x2  
  49  5:00  Widow Mine x2  
  49  5:01  Barracks Tech Lab  
  49  5:06  Supply Depot  
  53  5:08  Supply Depot  
  53  5:10  SCV  
  53  5:13  Refinery  
  54  5:15  Refinery  
  54  5:16  Starport Reactor, Armory  
  54  5:27  Marine x2  
  54  5:28  Widow Mine x2  
  60  5:33  Terran Infantry Armor Level 1  
  60  5:39  Stimpack  
  60  5:40  Marauder  
  60  5:42  SCV x2  
  64  5:45  Marine x2  
  64  5:49  Widow Mine x2  
  70  5:53  Command Center  
  70  6:15  Marauder  
  70  6:24  Marine  
  70  6:31  Marine  
  69  6:33  SCV  
  70  6:45  Supply Depot x2  
  70  6:46  Supply Depot  
  70  6:48  Supply Depot  
  70  6:50  Starport, Supply Depot  
  70  7:04  SCV x2, Marine x2, Medivac x2  
  70  7:05  Marauder  
  70  7:07  Sensor Tower  
  80  7:09  Supply Depot  
  80  7:11  Sensor Tower  
  80  7:16  SCV  
  80  7:17  SCV  
  80  7:19  Concussive Shells  
  80  7:22  Marine x2  
  84  7:23  Widow Mine  
  84  7:26  Marauder  
  84  7:29  SCV x2  
  90  7:33  Starport Tech Lab  
  90  7:37  Planetary Fortress  
  90  7:42  Missile Turret  
  90  7:47  Marauder  
  92  7:55  Widow Mine x2  
  95  8:08  Combat Shield  
  95  8:09  Marauder  
  95  8:10  Marine x2  
  99  8:14  SCV  
  99  8:15  SCV  
  99  8:16  Widow Mine  
  99  8:17  Widow Mine, SCV  
  106  8:26  SCV  
  107  8:27  SCV  
  107  8:28  Barracks, Marine  
  107  8:29  SCV  
  107  8:30  Marauder  
  107  8:31  Barracks  
  112  8:38  Widow Mine  
  112  8:39  SCV x2  
  116  8:51  Medivac x2  
  116  8:52  Marauder  
  116  8:54  Banshee  
  125  8:56  Marine x2  
  127  9:13  Marauder  
  129  9:34  Marauder  
  129  9:37  Raven  
  119  10:03  SCV x3  
  122  10:07  Refinery  
  122  10:09  Refinery  
  122  10:10  Marauder  
  122  10:11  Barracks Tech Lab x2, Marine x2  
  126  10:15  SCV x2  
  126  10:16  SCV  
  126  10:17  Barracks Reactor  
  126  10:18  Medivac x2  
  133  10:22  Terran Infantry Weapons Level 2  
  133  10:28  Engineering Bay  
  133  10:34  Command Center  
  133  10:38  Command Center  
  133  10:41  Marine x2, Supply Depot  
  133  10:44  Supply Depot  
  133  10:45  Factory, Supply Depot  
  133  10:46  Factory  
  133  10:53  Factory Tech Lab, Barracks  
  133  10:55  Factory Tech Lab  
  133  11:03  Marauder  
  135  11:07  Supply Depot  
  135  11:10  Supply Depot x2  
  135  11:11  Marauder, Marine x4  
  141  11:19  Factory Tech Lab  
  141  11:25  Marauder  
  143  11:29  Marine x4  
  143  11:31  Terran Infantry Armor Level 2  
  143  11:32  Marauder  
  149  11:33  Factory Tech Lab  
  149  11:34  Factory Tech Lab  
  149  11:37  Siege Tank  
  152  11:41  Terran Vehicle And Ship Armor Level 1  
  152  11:45  Medivac  
  152  11:46  Armory, Marauder, Marine, Medivac  
  152  11:47  Marine x2  
  159  11:51  Marine x3  
  159  11:53  Siege Tank x2  
  159  11:54  Marauder  
  172  12:04  Marine x3  
  172  12:07  Marauder  
  177  12:08  Marine  
  177  12:09  Marine  
  177  12:15  Marauder, Viking x2  
  171  12:27  Siege Tank  
  171  12:28  Siege Tank x2  
  178  12:36  SCV x3  
  179  12:48  SCV x3  
  179  12:51  Smart Servos  
  182  13:00  SCV x3, Siege Tank x3  
  193  13:08  Medivac x2  
  193  13:09  Raven  
  193  13:12  SCV  
  200  13:14  Planetary Fortress  
  200  13:18  Missile Turret  
  200  13:20  Missile Turret  
  200  13:27  Barracks  
  200  13:28  Barracks  
  200  13:46  Drilling Claws  
  200  14:01  Refinery  
  200  14:02  Refinery  
  200  14:28  Barracks Reactor, Barracks Tech Lab  
  151  14:49  Marauder x3, Marine  
  151  14:50  Marine x5  
  146  15:07  Marine  
  146  15:08  Marine x5  
  146  15:10  Marauder  
  146  15:11  Marauder  
  147  15:21  Raven  
  147  15:22  Medivac  
  147  15:25  Marine  
  147  15:26  Marine x5  
  157  15:28  Sensor Tower  
  157  15:30  Missile Turret  
  157  15:32  Marauder x2  
  157  15:34  Siege Tank x3  
  170  15:38  Planetary Fortress  
  170  15:42  Missile Turret  
  170  15:43  Marine x2  
  170  15:44  Marine x3  
  175  15:53  Marauder x2, Command Center  
  179  16:03  Sensor Tower  
  179  16:06  Siege Tank x3  
  179  16:07  Refinery  
  179  16:10  Refinery  
  188  16:15  Marauder x2  
  179  16:36  Marauder x2  
  155  16:57  Viking  
  155  16:58  Viking x2  
  155  17:00  Marine  
  155  17:01  Marine x6  
  155  17:02  Marine  
  161  17:14  Cloaking Field, Command Center  
  161  17:15  Command Center  
  161  17:17  Planetary Fortress  
  161  17:18  Marine x2  
  161  17:19  Marine x5  
  161  17:20  Marine, Missile Turret  
  169  17:27  Viking  
  171  17:34  Siege Tank x3  
  171  17:36  Marine x2  
  171  17:37  Marine x5  
  182  17:38  Marine  
  182  17:41  Missile Turret  
  186  17:54  Marine x5  
  186  17:55  Marine x3  
  194  18:01  Raven  
  194  18:02  Medivac x2  
  194  18:03  Missile Turret  
  194  18:33  Orbital Command x2  
  191  19:17  Marine x5  
  191  19:18  Marauder, Marine x2  
  191  19:24  Siege Tank x3  
  200  19:38  Command Center  
  197  19:39  Missile Turret  
  197  19:40  Missile Turret  
  197  19:41  Terran Infantry Weapons Level 3, Terran Infantry Armor Level 3  
  197  19:42  Missile Turret  
  197  19:46  Terran Vehicle And Ship Armor Level 2  
  197  19:47  Terran Vehicle Weapons Level 1  
  190  20:11  Refinery x2  
  179  20:40  Siege Tank  
  179  20:41  Siege Tank x2  
  186  20:49  Marine  
  186  20:50  Marine x5, Ghost Academy  
  186  20:51  Marine x2  
  194  21:00  Planetary Fortress  
  194  21:03  Refinery  
  194  21:04  Refinery  
  191  21:07  Marine x2  
  191  21:08  Marine  
  191  21:09  Marauder  
  193  21:13  Siege Tank x2  
  195  21:21  Ghost Academy  
  195  21:26  Marine x5  
  161  22:34  Marauder  
  161  22:35  Marauder, Marine x5  
  161  22:36  Siege Tank x3  
  161  22:56  Marauder x2  
  149  23:07  Marine x5  
  149  23:08  Siege Tank x3  
  151  23:17  Marauder x2  
  132  23:23  Marine  
  132  23:25  Marine x5  
  108  23:39  Marauder x2  
  108  23:40  Medivac x2, Siege Tank x3  
  108  23:41  Marine, Medivac  
  124  23:42  Marine  
  124  23:43  Marine x4  
  124  23:59  Marine  
  124  24:00  Marauder x2  
  129  24:04  Marine  
  129  24:05  Marine x4  
  134  24:10  Viking, Medivac  
  134  24:11  Viking  
  134  24:12  Siege Tank x2  
  134  24:16  Marine  
  147  24:21  Marauder x2  
  147  24:22  Marine x5  
  156  24:34  Marine  
  137  24:40  Raven  
  137  24:43  Marauder x2  
  137  24:44  Marine  
  137  24:45  Marine x4  
  137  24:47  Siege Tank x3  
  137  24:52  Barracks, Marine  
  147  24:54  Barracks  
  147  24:57  Barracks x2  
  141  25:02  Marine x5  
  141  25:04  Marauder x2  
  150  25:10  Marine  
  147  25:19  Siege Tank x3  
  147  25:20  Marine x5  
  157  25:26  Marauder x2  
  157  25:28  Marine  
  162  25:38  Marine x5  
  161  25:47  Marauder x2, Command Center  
  165  25:51  Siege Tank x2  
  171  26:08  Marine x2  
  170  26:23  Terran Vehicle Weapons Level 2  
  170  26:24  Terran Vehicle And Ship Armor Level 3  
  168  26:26  Nuke  
  168  26:29  Personal Cloaking  
  125  26:40  Siege Tank  
  125  26:41  Siege Tank x2  
  125  26:42  Marauder x2, Marine x3  
  125  26:43  Marine x3  
  133  27:00  Marine x6  
  137  27:03  Marauder, Marine  
  139  27:13  Siege Tank x3  
  142  27:18  Marine x4  
  142  27:21  Marauder, Marine  
  142  27:22  Marine  
  133  27:25  Marauder  
  129  27:34  Medivac x3  
  129  27:35  Marine  
  129  27:36  Marine x3  
  127  27:39  Marine x2  
  127  27:43  Marauder  
  130  27:46  Marauder  
  122  27:53  Marine  
  122  27:54  Marine x3  
  122  27:56  Command Center  
  126  28:00  Barracks Reactor, Barracks Tech Lab  
  126  28:01  Barracks Reactor, Barracks Tech Lab  
  126  28:03  Marine x2  
  126  28:04  Marauder, Medivac  
  132  28:07  Marauder  
  132  28:11  Marine  
  132  28:12  Marine x3  
  138  28:13  Sensor Tower  
  138  28:15  Missile Turret  
  138  28:21  Marine x2  
  138  28:26  Marauder  
  142  28:29  Marauder, Marine x4  
  148  28:38  Marine  
  148  28:39  Marine  
  150  28:47  Marauder, Marine x4  
  154  28:50  Marauder  
  151  28:56  Marine  
  151  28:57  Marine  
  135  29:08  Marauder  
  137  29:11  Marine  
  96  29:28  Marine  
  96  29:29  Marauder, Marine x6  
  96  29:30  Siege Tank  
  96  29:31  Siege Tank x2  
  112  29:34  Planetary Fortress  
  112  29:46  Barracks, Marine  
  112  29:47  Marauder, Marine x5  
  112  29:51  Marauder  
  102  30:03  Siege Tank x2  
  102  30:04  Marine  
  102  30:05  Marine x5  
  113  30:09  Marauder  
  113  30:12  Marauder  
  100  30:22  Marine x5  
  98  30:30  Marauder  
  98  30:34  Marauder  
  98  30:35  Siege Tank x2  
  89  30:36  Marine  
  89  30:39  Medivac  
  89  30:40  Marine x5, Medivac x2  
  101  30:52  Marauder  
  101  30:54  Marine  
  101  30:55  Marauder  
  101  30:56  Command Center  
  106  30:58  Marine x5  
  106  31:01  Barracks  
  106  31:02  Barracks  
  109  31:07  Siege Tank x2  
  109  31:09  Medivac  
  117  31:12  Marine  
  117  31:13  Marauder  
  117  31:15  Marine  
  117  31:16  Marauder  
  122  31:34  Marauder  
  122  31:38  Marauder  
  123  31:50  Command Center  
  123  31:56  Marauder  
  113  32:44  Marauder x2  
Tags
 
Composition
Lurkers
Matchup
TvZ
Replay Pack
Multiplayer
Spawn Locations
Cross Positions
Add a new tag
Caveats
  • Supply blocks, unpowered buildings, or Contaminate may cause inaccurate times.
  • Supply counts are checked every 10 seconds.